 Dungeon Crawl Stone Soup version 0.29-a0-297-g7659ce593d (webtiles) character file.

Game seed: 14272168190362622983

34 Dabor the Shield-Bearer (level 3, -23/36 HPs)
             Began as a Troll Fighter on Mar 20, 2022.
             Killed by an exploding Natasha (31 damage)
             ... ignited by their inner flame
             ... on level 2 of the Dungeon.
             The game lasted 00:00:42 (572 turns).

Dabor the Shield-Bearer (Troll Fighter)              Turns: 572, Time: 00:00:43

Health: -23/36     AC:  4    Str: 26    XL:     3   Next: 14%
Magic:  2/2        EV:  8    Int:  4    God:
Gold:   30         SH:  7    Dex:  9    Spells: 2/2 levels left

rFire   . . .      SeeInvis .   a - +0 flail
rCold   . . .      Faith    .   c - +0 kite shield
rNeg    . . .      Spirit   .   b - +0 robe
rPois   .          Reflect  .   (helmet restricted)
rElec   .          Harm     .   (no cloak)
rCorr   .          Rampage  .   (gloves unavailable)
Will    .....                   (boots unavailable)
Stlth   +.........              (no amulet)
HPRegen 0.92/turn               (no ring)
MPRegen 0.08/turn               (no ring)

@: slowed, very slow
A: large, unfitting armour, claws 3, regeneration 1, shaggy fur 1, tough skin 1
a: no special abilities


You were on level 2 of the Dungeon.
You visited 1 branch of the dungeon, and saw 2 of its levels.

You collected 30 gold pieces.

Inventory:

Hand Weapons
 a - a +0 flail (weapon)
Missiles
 k - 3 poisoned darts (quivered)
Armour
 b - a +0 robe (worn)
 c - a +0 kite shield (worn)
Potions
 d - a potion of might
 e - a potion of resistance {unknown}
 f - a potion of attraction {unknown}
 g - a potion of curing


   Skills:
 + Level 2.7 Fighting
 + Level 2.2 Maces & Flails
 + Level 2.7 Dodging
 + Level 2.7 Shields


You had 2 spell levels left.
You didn't know any spells.
Your spell library was empty.

Dungeon Overview and Level Annotations

Branches:
Dungeon (2/15)

Altars:


Innate Abilities, Weirdness & Mutations

You are too large for most types of armour.
You have claws for hands.
Your natural rate of healing is unusually fast.
You are covered in fur. (AC +1)
You have tough skin. (AC +1)


Message History

You block Natasha's attack. The white imp barely misses you.
You hit Natasha but do no damage.
Natasha is heavily wounded.
Natasha stares at you and mumbles some strange words.
You feel yourself slow down.
The white imp hits you but does no damage.
You block Natasha's attack. The white imp barely misses you.
As you read the scroll labelled QUKONT EF ZEE, it crumbles to dust.
You feel aware of your surroundings.
You sensed 1 altar.
It was a scroll of magic mapping.
You block Natasha's attack. The white imp barely misses you.
As you read the scroll labelled ASORIL SISYBA, it crumbles to dust.
The creatures around you are filled with an inner flame!
It was a scroll of immolation.
Natasha howls an incantation.
Natasha shimmers violently.
Natasha claws you but does no damage.
The white imp hits you but does no damage.
Natasha claws you.
* * * LOW HITPOINT WARNING * * *
You block the white imp's attack.
As you read the scroll labelled FEWOETRE RUMI, it crumbles to dust.
It is a scroll of identify.
g - 2 potions of curing Natasha mumbles some strange words.
Natasha shimmers violently.
You block Natasha's attack. You block the white imp's attack.
You feel better. Natasha claws you but does no damage.
The white imp gestures at you. The puff of frost hits you.
* * * LOW HITPOINT WARNING * * *
Natasha completely misses you.
The white imp hits you but does no damage.
You sock Natasha!
Moaning pathetically, Natasha's spirit plunges into the ground.
The white imp disappears in a puff of smoke!
Natasha explodes!
The fiery explosion engulfs you!!
Ouch! That really hurt!
You die...

******* *,>,* #...#
*####...##### *,..........#
******,>...⌠...>,* ******
*,,,**,,,.J....,,* *,,,,*
*,*########+#######*,**,*
*******,*.....§#§§.#.....,,**,*
,,,,,**,*....8§§@..+.8...,,**,*
****,**,*.....§#§..#.....,***,*
***,,**,*.#######)#######,,**,*
,,,,,,,,,**#...........#**,**,*
*,,,***,,,*#.<...⌠...<.#*,,,*,*
**,** **,**#...........#*,,**,*
*,* *,* #####...#####*,,**,*
**,** **,* #...#*****,,**,*
*,*,***,,* #.<.#*,,,,,,**,*


You could see an endoplasm.

Vanquished Creatures
  Natasha (D:2)
  6 ball pythons (D:1)
  3 bats (D:1)
  5 endoplasms (D:1)
  3 giant cockroaches (D:1)
  A goblin (D:1)
  3 hobgoblins (D:1)
  2 quokkas (D:1)
  2 frilled lizards (D:1)
  3 kobolds
  3 rats (D:1)
32 creatures vanquished.

Notes
Turn   | Place    | Note
-------+----------+-------------------------------------------
     0 | D:1      | Dabor the Troll Fighter began the quest for the Orb.
     0 | D:1      | Reached XP level 1. HP: 22/22 MP: 0/0
   142 | D:1      | Reached XP level 2. HP: 29/29 MP: 1/1
   319 | D:1      | Reached XP level 3. HP: 36/36 MP: 2/2
   550 | D:2      | Noticed Natasha
   572 | D:2      | Killed Natasha
   572 | D:2      | Killed by an exploding Natasha... ignited by their inner
                  | flame

Illustrated notes

Levels and vault maps discovered:
D:1:      roderic_octagonal_star, layout_rooms, minmay_hexomino_p4
D:2:      layout_basic, basic_altar, minmay_stone_trees_medium, glass_columns_c,
          nicolae_elevator_lobby_plus, uniq_natasha

Skill      XL: |  1 |
---------------+----+-----
Maces & Flails | 2 |  2.2
Fighting       | |  2.7
Dodging        | |  2.7
Shields        | |  2.7

Action                   || total
-------------------------++-------
Melee: Flail             ||    83
  Use: Scroll            ||     3
       Potion            ||     1
Armor: Robe              ||    32
Dodge: Dodged            ||    42
Block: Kite shield       ||    22

Table legend: (Time is in decaauts)
 A = Elapsed time spent in this place.
 B = Non-inter-level travel time spent in this place.
 C = Inter-level travel time spent in this place.
 D = Time resting spent in this place.
 E = Time spent auto-exploring this place.
 F = Levels seen in this place.
 G = Mean time per level.
                   A        B        C        D        E       F      G
               +--------+--------+--------+--------+--------+-----+--------+
         Total |    609 |    562 |     47 |      0 |    367 |   2 |  304.5 |
       Dungeon |    609 |    562 |     47 |      0 |    367 |   2 |  304.5 |
               +--------+--------+--------+--------+--------+-----+--------+

Top non-repeatable levels by time:
     D:1: 566 daAuts
     D:2: 42 daAuts
